 Dungeon Crawl Stone Soup version 0.28.0-47-ge53b351184 (webtiles) character file.

Game seed: 8295452743570996222

9963 firemarshallily the Protected (level 11, -3/60 HPs)
             Began as a Demonspawn Fighter on Apr 25, 2022.
             Was an Elder of Hepliaklqana.
             Succumbed to a kobold brigand's poison
             ... on level 10 of the Dungeon.
             The game lasted 01:01:56 (11427 turns).

firemarshallily the Protected (Demonspawn Fighter) Turns: 11427, Time: 01:01:56

Health: -3/60      AC: 30    Str: 21    XL:     11   Next: 29%
Magic:  2/2        EV: 10    Int: 10    God:    Hepliaklqana [****..]
Gold:   723        SH:  5    Dex: 12    Spells: 10/10 levels left

rFire   + . .      SeeInvis .   H - +8 battleaxe of Impermanence {spect, rF+ Will++ rCorr MP-9}
rCold   . . .      Faith    .   (shield currently unavailable)
rNeg    + . .      Spirit   .   K - +3 scale mail
rPois   .          Reflect  +   v - +2 hat
rElec   .          Harm     .   y - +2 cloak
rCorr   +          Rampage  .   (no gloves)
Will    ++...                   u - +2 pair of boots
Stlth   ..........              E - amulet of reflection
HPRegen 0.20/turn               f - ring of flight
MPRegen 0.08/turn               n - ring of positive energy

@: lethally poisoned (-3 -> -27), sanguine armoured, flying
A: reduced essence, hooves 1, ignite blood 2, powered by pain 1, sanguine armour
3, fangs 1, deformed body, frail 1
a: Renounce Religion, Recall Ancestor, Ancestor Identity, Transference, Idealise


You were on level 10 of the Dungeon.
You worshipped Hepliaklqana.
Hepliaklqana was greatly pleased with you.
You visited 1 branch of the dungeon, and saw 10 of its levels.

You collected 723 gold pieces.

Inventory:

Hand Weapons
 t - a +2 vorpal hand axe
 x - the +6 quarterstaff "Geus Aje" {vorpal, *Corrode rPois rC+++ Will++}
   (You took it off Maggie on level 9 of the Dungeon)

   It inflicts extra damage upon your enemies.
   rC:        It renders you almost immune to cold.
   rPois:     It protects you from poison.
   *Corrode:  It may corrode you when you take damage.
   Will:      It greatly increases your willpower.
 H - the +8 battleaxe of Impermanence (weapon) {spect, rF+ Will++ rCorr MP-9}
   (You took it off an efreet on level 9 of the Dungeon)

   When its wielder attacks, the weapon's spirit leaps out and strikes again.
   The spirit shares a part of any damage it takes with its wielder.
   rF:        It protects you from fire.
   MP:        It affects your magic capacity (-9).
   rCorr:     It protects you from acid and corrosion.
   Will:      It greatly increases your willpower.
Missiles
 j - 16 poisoned darts
 k - 320 stones
 p - a boomerang (quivered)
 B - 5 curare-tipped darts
 I - 3 atropa-tipped darts
Armour
 b - a +0 troll leather armour
 c - a +1 buckler
 u - a +2 pair of boots (worn)
 v - a +2 hat (worn)
 y - a +2 cloak (worn)
 F - +0 steam dragon scales
 K - a +3 scale mail (worn)
Jewellery
 d - an amulet of guardian spirit
 f - a ring of flight (left hand)
 n - a ring of positive energy (right hand)
 o - a ring of resist corrosion
 w - a ring of protection from cold
 C - a ring of see invisible
 E - an amulet of reflection (around neck)
Wands
 g - a wand of polymorph (17)
 m - a wand of flame (29)
 D - a wand of iceblast (12)
Scrolls
 h - 2 scrolls of summoning {unknown}
 s - a scroll of magic mapping {unknown}
 G - a scroll of noise {unknown}
 L - a scroll of holy word {unknown}
Potions
 e - a potion of brilliance {unknown}
 i - 2 potions of resistance
 l - a potion of ambrosia {unknown}
 q - a potion of attraction {unknown}
 r - 2 potions of lignification
 z - a potion of berserk rage {unknown}
 A - a potion of magic {unknown}
Miscellaneous
 J - a lightning rod (inert)


   Skills:
 - Level 3.1 Fighting
 + Level 9.7 Axes
 * Level 13.5 Armour
 - Level 2.7 Shields


You had 10 spell levels left.
You didn't know any spells.
Your spell library contained the following spells:

 Spells                   Type           Power      Damage    Failure   Level
 Animate Skeleton         Necr           0%         N/A       63%         1
 Apportation              Tloc           0%         N/A       63%         1
 Summon Small Mammal      Summ           0%         N/A       63%         1
 Scorch                   Fire           0%         2d5       77%         2
 Static Discharge         Conj/Air       0%         N/A       77%         2
 Wereblood                Tmut           0%         N/A       77%         2
 Frozen Ramparts          Ice            0%         1d2       94%         3
 Animate Armour           Summ/Erth      0%         N/A       100%        4
 Flame Wave               Conj/Fire      0%         2d4       100%        4
 Hailstorm                Conj/Ice       0%         3d3       100%        4
 Ice Form                 Ice/Tmut       0%         N/A       100%        4
 Olgreb's Toxic Radiance  Pois           0%         N/A       100%        4
 Passage of Golubria      Tloc           0%         N/A       100%        4
 Summon Ice Beast         Ice/Summ       0%         N/A       100%        4
 Borgnjor's Vile Clutch   Necr/Erth      0%         N/A       100%        5
 Lightning Bolt           Conj/Air       0%         1d11      100%        5
 Silence                  Hex/Air        0%         N/A       100%        5
 Simulacrum               Ice/Necr       0%         N/A       100%        6
 Summon Cactus Giant      Summ           0%         N/A       100%        6
 Ozocubu's Refrigeration  Ice            0%         4d5       100%        7
 Ignition                 Fire           0%         3d3       100%        8
 Lehudib's Crystal Spear  Conj/Erth      0%         10d2      100%        8
 Maxwell's Capacitive Co  Air            0%         ∞         100%        8


Dungeon Overview and Level Annotations

Branches:
Dungeon (10/15)            Temple (0/1) D:4             Orc (0/2) D:9
   Lair: D:8-11

Altars:
Elyvilon
Fedhas
Hepliaklqana
Trog
Vehumet
Xom
Zin

Shops:
D:7 ?   D:8 (


Innate Abilities, Weirdness & Mutations

Your life essence is reduced to manifest your ancestor. (-10% HP)
You have large cloven feet.
Your demonic aura often causes spilled blood to erupt in flames.
You sometimes gain a little power by taking damage.
When seriously injured, your blood forms very thick armour. (AC +12)
You have very sharp teeth.
Armour fits poorly on your strangely shaped body.
You are frail. (-10% HP)


Message History

Ancestor HP restored.
Maria hits the kobold demonologist with a +0 quarterstaff!
The kobold throws a poisoned dart.
The poisoned dart hits you!
You are lethally poisoned!
You continue putting on your amulet of reflection.
* * * LOW HITPOINT WARNING * * *
You feel very sick.
Maria casts a spell at the kobold demonologist.
The stone arrow hits the kobold demonologist!
The kobold throws a poisoned dart.
The poisoned dart hits you!
You are more poisoned.
You continue putting on your amulet of reflection.
* * * LOW HITPOINT WARNING * * *
You feel very sick.
The kobold closely misses Maria.
Maria barely misses the kobold demonologist.
You continue putting on your amulet of reflection.
* * * LOW HITPOINT WARNING * * *
You feel very sick.
The kobold demonologist hits Maria but does no damage.
The kobold throws a poisoned dart.
The poisoned dart hits Maria!
The kobold throws a poisoned dart.
The poisoned dart hits you!
You are more poisoned.
Maria misses the kobold demonologist.
You continue putting on your amulet of reflection.
* * * LOW HITPOINT WARNING * * *
You feel very sick.
The kobold demonologist hits Maria with a +0 dagger.
The kobold throws a poisoned dart.
The poisoned dart hits Maria!
Maria gestures at the kobold demonologist while chanting.
The puff of frost hits the kobold demonologist!
The kobold brigand throws a poisoned dart.
The poisoned dart hits you!
You are more poisoned.
You finish putting on your amulet of reflection.
You feel a shielding aura gather around you.
E - an amulet of reflection (around neck) It was a potion of flight.
You feel more buoyant.
You die...

###....≈≈≈..## # ..K≈≈≈≈#≈...#
#.≈≈≈≈#≈≈≈≈...# #K≈#≈≈≈≈#≈≈≈..##
##### #K≈≈≈#≈≈≈≈#≈...# #...##
#KK≈≈≈≈#≈≈≈≈...# # .....##
#KR#≈≈≈≈#≈≈≈..# ### ......#
#5≈≈≈#≈≈≈≈#≈..#######.. ......#
#45≈≈≈@#≈≈≈≈..........# ....>.#
##K≈#≈≈≈≈.............# .....##
....≈≈≈................. ......#
.............##......... ......##
###..........##.........
..)....####...........##.........
.......##...###.......##.........
........)............###.........
..........########.....#.........


You could see the friendly Maria the battlemage, a rust devil (summoned), 2
kobold demonologists, a kobold brigand, an iron imp (summoned), an ufetubus
(summoned) and 2 kobolds.

Vanquished Creatures
  A two-headed ogre (D:9)
  Sonja (D:10)
  A manticore (D:9)
  Maggie (D:9)
  3 trolls
  A hornet (D:9)
  A shadow (D:9)
  A yak (D:9)
  A wyvern (D:8)
  An ice beast (D:7)
  3 orc warriors
  2 ogres
  A necrophage (D:5)
  2 kobold brigands (D:10)
  4 bullfrogs
  A gnoll sergeant (D:9)
  A scorpion (D:4)
  A killer bee (D:9)
  5 wights
  3 howler monkeys (D:9)
  A centaur zombie (D:9)
  A centaur skeleton (D:7)
  A gnoll shaman (D:7)
  3 orc priests
  Jessica (D:2)
  Terence (D:3)
  3 iguanas
  3 orc wizards
  A howler monkey zombie (D:9)
  6 gnolls
  7 adders
  An ufetubus (D:7)
  A worm (D:2)
  3 dart slugs
  16 orcs
  11 endoplasms
  2 giant cockroaches (D:2)
  13 goblins
  8 hobgoblins
  4 jackals (D:3)
  7 kobolds
  3 quokkas
  12 ball pythons
  6 bats
  A frilled lizard (D:3)
  6 rats
157 creatures vanquished.

Vanquished Creatures (collateral kills)
  A boulder beetle (D:8)
  A centaur warrior (D:9)
  A cyclops (D:9)
  An efreet (D:9)
  A troll (D:9)
  A slime creature (D:9)
  2 hornets (D:9)
  A wraith (D:9)
  A shadow (D:9)
  Edmund (D:4)
  2 orc warriors
  A black bear (D:6)
  An ice beast (D:4)
  A necrophage (D:4)
  An ogre (D:6)
  A centaur (D:9)
  A kobold brigand (D:9)
  A bullfrog (D:8)
  A wyvern zombie (D:7)
  4 scorpions
  5 wights
  An electric eel (D:9)
  2 howler monkeys
  A lava snake (D:10)
  4 centaur zombies
  An orc priest (D:7)
  A bullfrog skeleton (D:6)
  6 orc wizards
  A hound skeleton (D:4)
  Robin (D:4)
  2 gnolls (D:9)
  3 adders
  A shadow imp (D:7)
  3 white imps
  An ufetubus (D:4)
  A dart slug (D:4)
  14 orcs
  2 endoplasms (D:4)
  A giant cockroach (D:2)
  9 goblins (D:4)
  A hobgoblin (D:4)
  A quokka (D:4)
  4 ball pythons
  A frilled lizard (D:2)
  A jackal skeleton (D:4)
  A kobold (D:2)
94 creatures vanquished.

Vanquished Creatures (others)
  5 battlemagi
  3 ancestors
  12 plants (D:9)
20 creatures vanquished.

Grand Total: 271 creatures vanquished

Notes
Turn   | Place    | Note
-------+----------+-------------------------------------------
     0 | D:1      | firemarshallily the Demonspawn Fighter began the quest for
                  | the Orb.
     0 | D:1      | Reached XP level 1. HP: 18/18 MP: 1/1
   213 | D:1      | Gained mutation: You have large cloven feet. [demonic
                  | ancestry]
   213 | D:1      | Reached XP level 2. HP: 17/24 MP: 2/2
   214 | D:1      | Reached skill level 3 in Armour
   840 | D:1      | Gained mutation: You sometimes gain a little power by
                  | taking damage. [demonic ancestry]
   840 | D:1      | Reached XP level 3. HP: 29/29 MP: 3/3
  1321 | D:2      | Noticed Jessica
  1323 | D:2      | Killed Jessica
  1324 | D:2      | Reached XP level 4. HP: 35/35 MP: 4/4
  1333 | D:2      | Reached skill level 4 in Armour
  1585 | D:2      | Found a faded altar of an unknown god.
  1601 | D:2      | Prayed at the altar of an unknown god.
  1601 | D:2      | Became a worshipper of Hepliaklqana the Forgotten
  1601 | D:2      | Reached * piety under Hepliaklqana
  1978 | D:2      | Gained mutation: Your demonic aura sometimes causes spilled
                  | blood to erupt in flames. [demonic ancestry]
  1978 | D:2      | Reached XP level 5. HP: 27/36 MP: 5/5
  2425 | D:3      | Found a bloodstained altar of Trog.
  2437 | D:3      | Found a hazy altar of Hepliaklqana.
  2439 | D:3      | Found a radiant altar of Vehumet.
  2440 | D:3      | Found a blossoming altar of Fedhas.
  2545 | D:3      | Noticed Terence
  2569 | D:3      | Killed Terence
  2841 | D:3      | Reached skill level 5 in Armour
  3324 | D:3      | Reached XP level 6. HP: 41/42 MP: 6/6
  3817 | D:4      | Reached ** piety under Hepliaklqana
  3818 | D:4      | Remembered your ancestor Maria as a battlemage
  4273 | D:4      | Reached skill level 6 in Armour
  4284 | D:4      | Noticed Robin
  4290 | D:4      | Killed Robin
  4315 | D:4      | Gained mutation: You are weak. (Str -2) [potion of
                  | mutation]
  4316 | D:4      | Lost mutation: You are weak. (Str -2) [potion of mutation]
  4316 | D:4      | Gained mutation: You have hidden genetic defects. [potion
                  | of mutation]
  4316 | D:4      | Gained mutation: You have very sharp teeth. [potion of
                  | mutation]
  4453 | D:4      | Gained mutation: When seriously injured, your blood forms
                  | armour. (AC +12) [demonic ancestry]
  4453 | D:4      | Reached XP level 7. HP: 46/46 MP: 7/7
  4473 | D:4      | Found a staircase to the Ecumenical Temple.
  4490 | D:4      | Gained mutation: You are frail. (-10% HP) [hidden defects]
  4498 | D:4      | Noticed Edmund
  4509 | D:4      | Killed Edmund
  4511 | D:4      | Reached skill level 7 in Armour
  4518 | D:4      | Gained mutation: Armour fits poorly on your strangely
                  | shaped body. [hidden defects]
  4518 | D:4      | Lost mutation: You have hidden genetic defects. [hidden
                  | defects expressed]
  4635 | D:4      | Reached skill level 5 in Axes
  4635 | D:4      | Gained mutation: When seriously injured, your blood forms
                  | thick armour. (AC +12) [demonic ancestry]
  4635 | D:4      | Reached XP level 8. HP: 46/46 MP: 8/8
  4715 | D:5      | Entered Level 5 of the Dungeon
  5072 | D:5      | Reached skill level 8 in Armour
  5451 | D:6      | Reached *** piety under Hepliaklqana
  6281 | D:7      | Reached skill level 9 in Armour
  6709 | D:7      | Gained mutation: Your demonic aura often causes spilled
                  | blood to erupt in flames. [demonic ancestry]
  6709 | D:7      | Reached XP level 9. HP: 50/50 MP: 9/9
  7210 | D:7      | Found Raomicej's Magic Scroll Shop.
  7212 | D:7      | Reached **** piety under Hepliaklqana
  7599 | D:8      | Found Okkin's Antique Weapon Shop.
  7681 | D:8      | Reached skill level 10 in Armour
  8665 | D:9      | Paralysed by a hornet for 2 turns
  8878 | D:9      | Noticed a two-headed ogre
  8885 | D:9      | Killed a two-headed ogre
  8886 | D:9      | Reached skill level 11 in Armour
  8886 | D:9      | Reached XP level 10. HP: 25/56 MP: 4/10
  9055 | D:9      | Noticed a boulder beetle
  9086 | D:9      | HP: 1/56 [boulder beetle (34)]
  9106 | D:8      | Killed a boulder beetle
  9569 | D:9      | Found a shimmering altar of Xom.
  9573 | D:9      | Identified the +8 battleaxe of Impermanence {spect, rF+
                  | Will++ rCorr MP-9}
  9574 | D:9      | Noticed a cyclops
  9584 | D:9      | Reached skill level 12 in Armour
 10042 | D:9      | Noticed a centaur warrior
 10046 | D:9      | Identified the +6 quarterstaff "Geus Aje" {vorpal, *Corrode
                  | rPois rC+++ Will++}
 10046 | D:9      | Noticed Maggie
 10204 | D:9      | Got the Incunabulum of Stones and Transmigration
 10231 | D:9      | Noticed a manticore
 10236 | D:9      | Killed a cyclops
 10245 | D:9      | Killed a manticore
 10247 | D:9      | Killed Maggie
 10248 | D:9      | Gained mutation: When seriously injured, your blood forms
                  | very thick armour. (AC +12) [demonic ancestry]
 10248 | D:9      | Reached XP level 11. HP: 49/60 MP: 11/11
 10408 | D:9      | Reached skill level 13 in Armour
 10434 | D:9      | HP: 3/60 [centaur warrior/+0 scimitar of flaming (2)]
 10435 | D:9      | Killed a centaur warrior
 10759 | D:9      | Found a staircase to the Orcish Mines.
 11116 | D:10     | Entered Level 10 of the Dungeon
 11177 | D:10     | Noticed Sonja
 11187 | D:10     | Killed Sonja
 11426 | D:10     | HP: 2/60 [poisoned by a kobold]
 11427 | D:10     | Succumbed to a kobold brigand's poison

Illustrated notes

Levels and vault maps discovered:
D:1:      dpeg_arrival_rhombus, layout_basic
D:2:      minmay_recursive_quarters, layout_loops_ring,
          ebering_ecumenical_altar_ruins, minmay_split_cup_large, uniq_jessica
D:3:      layout_loops_ring, nicolae_overflow_hallway_of_the_gods, uniq_terence
D:4:      layout_cave_pools, minmay_temple_entry_purple_smoke, minmay_quantized,
          uniq_edmund, uniq_robin
D:5:      layout_basic
D:6:      layout_gridville
D:7:      minmay_inner_zag, layout_loops_corners, serial_shops,
          nicolae_take_the_stairs
D:8:      layout_basic, serial_shops, nicolae_shop_window_shopping
D:9:      hangedman_cross_cluster, layout_loops_ring,
          nicolae_elyvilon_temple_path, nicolae_concentric_dashed_squares_wild,
          uniq_maggie
D:10:     layout_rooms, erik_lair_dragon, nicolae_lava_and_water, uniq_sonja

Skill      XL: |  1  2  3  4  5  6  7  8  9 10 11 |
---------------+----------------------------------+-----
Axes           | 2 3 4 5 6 7 9 |  9.7
Armour         | 3 4 5 6 7 9 11 12 13 | 13.5
Fighting       | |  3.1
Shields        | |  2.7

Action                   |  1- 3 |  4- 6 |  7- 9 | 10-12 || total
-------------------------+-------+-------+-------+-------++-------
Melee: War axe           |    77 |   128 |       |       ||   205
       Kick              |    10 |     9 |       |       ||    19
       Hand axe          |       |    27 |   156 |    44 ||   227
       Bite              |       |       |    14 |    13 ||    27
       Battleaxe         |       |       |       |    18 ||    18
Throw: Dart              |     7 |     7 |     5 |    11 ||    30
       Boomerang         |       |    18 |    20 |    16 ||    54
Invok: Ancestor Identity |       |     1 |       |       ||     1
       Recall Ancestor   |       |     1 |       |     1 ||     2
       Ancestor Life: Ba |       |     1 |       |       ||     1
Evoke: Lightning rod     |       |       |       |     5 ||     5
  Use: Scroll            |       |     4 |     6 |     7 ||    17
       Potion            |       |     4 |       |     6 ||    10
 Stab: Distracted        |       |       |     2 |     2 ||     4
Armor: Scale mail        |    42 |    72 |    72 |    37 ||   223
       Skin              |       |       |     7 |     1 ||     8
Dodge: Dodged            |    36 |    71 |    47 |    26 ||   180
Block: Buckler           |    18 |    31 |    40 |     6 ||    95
